 Dungeon Crawl Stone Soup version 0.27.1-2-g3b301248ec (webtiles) character file.

Game seed: 16971104681132885545

184 aSlayers the Grave Robber (level 5, 0/28 HPs)
             Began as a Kobold Necromancer on Sept 27, 2021.
             Succumbed to a scorpion's poison
             ... on level 4 of the Dungeon.
             The game lasted 00:16:06 (4971 turns).

aSlayers the Grave Robber (Kobold Necromancer)      Turns: 4971, Time: 00:16:07

Health: 0/28       AC:  2    Str:  5    XL:     5   Next: 95%
Magic:  9/11       EV: 16    Int: 18    God:
Gold:   110        SH:  0    Dex: 21    Spells: 7/12 levels left

rFire    . . .     SeeInvis .   n - +1 flail (protect)
rCold    . . .     Faith    .   (shield restricted)
rNeg     . . .     Spirit   .   a - +0 robe
rPois    .         Reflect  .   (no helmet)
rElec    .         Harm     .   (no cloak)
rCorr    .         Rampage  .   (no gloves)
Will     .....                  (no boots)
Stlth    ++++......             (no amulet)
HPRegen  0.09/turn              h - +6 ring of dexterity
MPRegen  0.12/turn              q - ring of wizardry

@: lethally poisoned (0 -> -3)
A: small, no large weapons, nightstalker 3
a: no special abilities


You were on level 4 of the Dungeon.
You visited 1 branch of the dungeon, and saw 4 of its levels.

You collected 110 gold pieces.

Inventory:

Hand Weapons
 i - a +0 dagger
 n - a +1 flail of protection (weapon)
Armour
 a - a +0 robe (worn)
Jewellery
 d - a +6 ring of intelligence
 h - a +6 ring of dexterity (left hand)
 k - a ring of positive energy
 q - a ring of wizardry (right hand)
 r - a ring of positive energy
Wands
 b - a wand of paralysis (8)
 o - a wand of flame (19)
Scrolls
 c - a scroll of fog {unknown}
 e - a scroll of fear {unknown}
 f - a scroll of acquirement {unknown}
 g - 2 scrolls of identify
 p - a scroll of enchant armour {unknown}
Potions
 j - a potion of might {unknown}
 l - 2 potions of magic {unknown}
 m - a potion of degeneration {unknown}


   Skills:
 + Level 0.2 Fighting
 + Level 0.3 Short Blades
 + Level 0.3 Maces & Flails
 + Level 2.8 Dodging
 + Level 3.4 Stealth
 + Level 4.0 Spellcasting
 + Level 5.1 Necromancy


You had 7 spell levels left.
You knew the following spells:

 Your Spells              Type           Power      Damage    Failure   Level
a - Pain                  Necr           88%        1d8       1%          1
b - Animate Skeleton      Necr           44%        N/A       1%          1
c - Vampiric Draining     Necr           11%        2d7       2%          3

Your spell library contained the following spells:

 Spells                   Type           Power      Damage    Failure   Level
 Animate Dead             Necr           11%        N/A       7%          4
 Slow                     Hex            3%         N/A       9%          2
 Confusing Touch          Hex            3%         N/A       17%         3
 Agony                    Necr           22%        N/A       19%         5
 Borgnjor's Vile Clutch   Necr/Erth      6%         N/A       45%         5
 Alistair's Intoxication  Tmut/Pois      2%         N/A       82%         5
 Yara's Violent Unravell  Hex/Tmut       1%         3d3       82%         5
 Eringya's Noxious Bog    Tmut/Pois      1%         N/A       100%        6


Dungeon Overview and Level Annotations

Branches:
Dungeon (4/15)
 Temple: D:4-7

Altars:
Hepliaklqana

Annotations:
D:3 Grinder


Innate Abilities, Weirdness & Mutations

You are small and have problems with some larger weapons.
You are completely attuned to the shadows.


Message History

Your Necromancy skill increases to level 5!
Unknown command.
Unknown command.
Magic restored.
A scorpion comes into view.
A scorpion is nearby!
Casting: Pain (safe; 1% risk of failure)
Confirm with . or Enter, or press ? or * to list all spells.
Aiming: Pain (safe; 1% risk of failure)
Press: ? - help, Shift-Dir - straight line, f - scorpion
Aim: a scorpion (wandering, hasn't noticed you, chance to affect: 81%)
The scorpion writhes in agony.
The scorpion stings you but does no damage.
A scorpion is nearby!
A scorpion is nearby!
Casting: Pain (safe; 1% risk of failure)
Confirm with . or Enter, or press ? or * to list all spells.
Aiming: Pain (safe; 1% risk of failure)
Press: ? - help, Shift-Dir - straight line, f/p - scorpion
Aim: a scorpion (moderately wounded, chance to affect: 81%)
The scorpion writhes in agony.
The scorpion stings you.
* * * LOW HITPOINT WARNING * * *
You are lethally poisoned!
The scorpion poisons you!
* * * LOW HITPOINT WARNING * * *
You feel sick.
Casting: Pain (safe; 1% risk of failure)
Confirm with . or Enter, or press ? or * to list all spells.
Aiming: Pain (safe; 1% risk of failure)
Press: ? - help, Shift-Dir - straight line, f/p - scorpion
Aim: a scorpion (heavily wounded, chance to affect: 81%)
The scorpion writhes in agony.
* * * LOW HITPOINT WARNING * * *
You feel sick. The scorpion misses you.
* * * LOW HITPOINT WARNING * * *
You feel sick. The scorpion barely misses you. x2
* * * LOW HITPOINT WARNING * * *
You feel sick.
There is a stone staircase leading up here.
You die...

.........
.........
.........
#...#...
#..@#..#
#.#s....
#...##..
#.### #
...#
....#
.?..


You could see a scorpion.

Vanquished Creatures
  A necrophage (D:4)
  Robin (D:2)
  2 adders (D:2)
  5 worms
  4 endoplasms
  2 giant cockroaches
  11 goblins
  6 hobgoblins
  A jackal (D:1)
  3 kobolds
  4 quokkas
  6 ball pythons
  2 bats (D:2)
  3 frilled lizards
  5 rats
56 creatures vanquished.

Vanquished Creatures (collateral kills)
  A rat (D:1)
1 creature vanquished.

Grand Total: 57 creatures vanquished

Notes
Turn   | Place    | Note
-------+----------+-------------------------------------------
     0 | D:1      | aSlayers the Kobold Necromancer began the quest for the
                  | Orb.
     0 | D:1      | Reached XP level 1. HP: 10/10 MP: 3/3
   115 | D:1      | Found a faded altar of an unknown god.
   142 | D:1      | Learned a level 1 spell: Animate Skeleton
   387 | D:1      | Reached XP level 2. HP: 11/15 MP: 0/5
  1282 | D:1      | Reached XP level 3. HP: 17/19 MP: 4/6
  1560 | D:2      | Identified the +0 helmet of the Evening Star {Str+4}
  1560 | D:2      | Noticed Robin
  2269 | D:2      | Found a hazy altar of Hepliaklqana.
  2345 | D:2      | Reached XP level 4. HP: 22/24 MP: 5/8
  2723 | D:2      | Learned a level 3 spell: Vampiric Draining
  3100 | D:2      | Killed Robin
  4083 | D:3      | Noticed Grinder
  4114 | D:3      | Reached XP level 5. HP: 25/28 MP: 10/10
  4163 | D:3      | Noticed a necrophage
  4328 | D:3      | Paralysed by Grinder for 5 turns
  4867 | D:4      | Killed a necrophage
  4868 | D:4      | Reached skill level 5 in Necromancy
  4970 | D:4      | HP: 1/28 [poisoned by a scorpion]
  4971 | D:4      | Succumbed to a scorpion's poison

Illustrated notes

Levels and vault maps discovered:
D:1:      onia_arrival_handbag, layout_loops_corners, basic_ecumenical_altar,
          minmay_pentomino_p4
D:2:      layout_loops_ring, basic_altar, minmay_bisected, uniq_robin
D:3:      wander_river, layout_loops_ring, uniq_crazy_yiuf_cottage, uniq_grinder
D:4:      layout_rooms

Skill      XL: |  1  2  3  4  5 |
---------------+----------------+-----
Stealth        | 3 |  3.4
Spellcasting   | 3 4 |  4.0
Necromancy     | 5 |  5.1
Fighting       | |  0.2
Short Blades   | |  0.3
Maces & Flails | |  0.3
Dodging        | |  2.8

Action                   |  1- 3 |  4- 6 || total
-------------------------+-------+-------++-------
Melee: Unarmed           |    11 |       ||    11
       Dagger            |     1 |    51 ||    52
       Flail             |       |    14 ||    14
 Cast: Pain              |    44 |    59 ||   103
       Animate Skeleton  |     3 |     1 ||     4
       Vampiric Draining |       |     2 ||     2
  Use: Potion            |     1 |     3 ||     4
       Scroll            |     1 |     2 ||     3
 Stab: Sleeping          |     2 |     1 ||     3
Armor: Robe              |     4 |    17 ||    21
Dodge: Dodged            |    25 |    61 ||    86
